 Dungeon Crawl Stone Soup version 0.29.1-2-gbd0b4ee654 (webtiles) character file.

Game seed: 13043228790594718670

443 Icepheonix32 the Trooper (level 6, -7/57 HPs)
             Began as a Minotaur Fighter on Oct 26, 2022.
             Was an Initiate of Dithmenos.
             Mangled by an orc warrior
             ... wielding a +0 glaive
              (14 damage)
             ... on level 5 of the Dungeon.
             The game lasted 00:04:31 (3888 turns).

Icepheonix32 the Trooper (Minotaur Fighter)         Turns: 3888, Time: 00:04:32

Health: -7/57      AC:  9    Str: 20    XL:     6   Next: 71%
Magic:  5/5        EV: 10    Int:  7    God:    Dithmenos [......]
Gold:   316        SH:  9    Dex: 10    Spells: 5/5 levels left

rFire   . . .      SeeInvis +   s - +2 short sword (elec)
rCold   . . .      Faith    .   c - +0 buckler
rNeg    . . .      Spirit   .   h - +3 ring mail {Will+}
rPois   .          Reflect  +   (helmet restricted)
rElec   .          Harm     .   (no cloak)
rCorr   .          Rampage  .   (no gloves)
Will    ++...                   (no boots)
Stlth   +.........              o - amulet "Tiaf" {Reflect Will+ SH+5 SInv}
HPRegen 0.19/turn               (no ring)
MPRegen 0.09/turn               (no ring)

@: about to teleport
A: horns 2, retaliatory headbutt
a: Renounce Religion


You were on level 5 of the Dungeon.
You worshipped Dithmenos.
Dithmenos was noncommittal.
You visited 2 branches of the dungeon, and saw 6 of its levels.

You collected 316 gold pieces.

Inventory:

Hand Weapons
 i - a +3 short sword
 s - a +2 short sword of electrocution (weapon)
Missiles
 p - a boomerang (quivered)
Armour
 c - a +0 buckler (worn)
 h - a +3 ring mail of willpower (worn)
Magical Staves
 e - a staff of death
Jewellery
 o - the amulet "Tiaf" (around neck) {Reflect Will+ SH+5 SInv}
   (You found it on level 2 of the Dungeon)

   [amulet of reflection]

   It reflects blocked missile attacks.
   SInv:      It lets you see invisible.
   SH:        It affects your SH (+5).
   Will:      It increases your willpower.
 u - a ring of wizardry
Wands
 b - a wand of flame (7)
Scrolls
 l - a scroll of vulnerability
 m - 2 scrolls of magic mapping
 t - 2 scrolls of identify
 w - 2 scrolls of summoning {unknown}
 y - a scroll of enchant weapon {unknown}
Potions
 a - a potion of invisibility {unknown}
 d - 2 potions of might
 f - 3 potions of resistance
 g - 2 potions of attraction
 j - 3 potions of degeneration {unknown}
 k - 2 potions of mutation {unknown}
 n - a potion of lignification
 q - 3 potions of curing {unknown}
 r - 2 potions of ambrosia {unknown}
 x - a potion of cancellation {unknown}


   Skills:
 * Level 5.7 Fighting
 * Level 3.5 Short Blades
 - Level 2.7 Axes
 + Level 5.2 Armour
 + Level 1.7 Dodging
 + Level 0.5 Stealth
 + Level 4.7 Shields


You had 5 spell levels left.
You didn't know any spells.
Your spell library contained the following spells:

 Spells                   Type           Power      Damage    Failure   Level
 Blink                    Tloc           0%         N/A       83%         2
 Poisonous Vapours        Pois/Air       0%         N/A       83%         2
 Lesser Beckoning         Tloc           0%         N/A       96%         3
 Ozocubu's Armour         Ice            0%         N/A       96%         3
 Corpse Rot               Necr/Pois/Air  0%         N/A       100%        4
 Manifold Assault         Tloc           0%         N/A       100%        5
 Metabolic Englaciation   Hex/Ice        0%         N/A       100%        5
 Simulacrum               Ice/Necr       0%         N/A       100%        6


Dungeon Overview and Level Annotations

Branches:
Dungeon (5/15)             Temple (1/1) D:4

Altars:
Ashenzari
Dithmenos
Elyvilon
Fedhas
Kikubaaqudgha
Makhleb
Okawaru
Qazlal
Ru
Sif Muna
Trog
Uskayaw
Wu Jian
Yredelemnul
Zin
The Shining One

Shops:
D:1 [   D:5 (

Annotations:
Temple 2 transporters


Innate Abilities, Weirdness & Mutations

You have a pair of horns on your head.
You reflexively headbutt those who attack you in melee.


Message History

The orc wizard flickers and vanishes for a moment.
You hit the orc wizard.
Lightning courses through the orc wizard!
You kill the orc wizard!
Dithmenos accepts your kill. You block the orc warrior's attack.
You hit the orc wizard.
The orc wizard is moderately wounded.
You block the orc warrior's attack.
The orc wizard hits you but does no damage.
You barely miss the orc wizard.
The orc wizard is moderately wounded.
The orc warrior closely misses you.
The orc priest looks braver for a moment.
The orc wizard hits you but does no damage.
You block the orc's attack.
You completely miss the orc wizard.
The orc wizard is moderately wounded.
You block the orc warrior's attack.
The orc wizard hits you but does no damage.
The orc barely misses you.
You hit the orc wizard but do no damage.
The orc wizard is moderately wounded.
The orc warrior hits you from afar with a +0 glaive.
You block the orc's attack.
You miss the orc wizard. Your headbutt misses the orc wizard.
The orc wizard is moderately wounded.
The orc warrior hits you from afar with a +0 glaive!!
* * * LOW HITPOINT WARNING * * *
The orc priest looks encouraged for a moment.
The orc wizard points at you and mumbles some strange words.
The puff of flame misses you. The orc closely misses you.
The orc attacks as you move away! The orc hits you with a +0 falchion.
* * * LOW HITPOINT WARNING * * *
The orc wizard completely misses you. You furiously retaliate!
You headbutt the orc wizard.
As you read the scroll of teleportation, it crumbles to dust.
You feel strangely unstable.
The orc warrior hits you from afar with a +0 glaive!
You die...

##### ##...##
####†..).## .
#.........# ..
#.#...∩...# ...
#.#.......# ..#
#.##.....####..###
#.###...##o.......
#####.###....@oo...#
##...>.#.....#..o.#+#
##.............#.###
#................#
#................#
#................#
#.....)..........+
#................#
##.............#.#


You could see an orc warrior, an orc priest, an orc wizard and an orc.

Vanquished Creatures
  An ogre (D:5)
  A necrophage (D:4)
  Ijyb (D:3)
  Jessica (D:3)
  An iguana (D:4)
  2 orc wizards
  Robin (D:3)
  4 adders
  3 dart slugs
  3 orcs (D:3)
  10 ball pythons
  13 endoplasms
  3 giant cockroaches
  22 goblins
  10 hobgoblins
  3 jackals (D:3)
  9 kobolds
  3 quokkas
  7 bats
  4 frilled lizards
  7 rats
  A spectral goblin (D:1)
110 creatures vanquished.

Notes
Turn   | Place    | Note
-------+----------+-------------------------------------------
     0 | D:1      | Icepheonix32 the Minotaur Fighter began the quest for the
                  | Orb.
     0 | D:1      | Reached XP level 1. HP: 19/19 MP: 0/0
   357 | D:1      | Found Caong's Armour Emporium.
   392 | D:1      | Reached XP level 2. HP: 26/27 MP: 1/1
   594 | D:1      | Reached XP level 3. HP: 30/33 MP: 2/2
  1081 | D:1      | Found a faded altar of an unknown god.
  1487 | D:2      | Reached XP level 4. HP: 34/41 MP: 3/3
  1849 | D:2      | Identified the amulet "Tiaf" {Reflect Will+ SH+5 SInv}
  1967 | D:3      | Noticed Ijyb
  1985 | D:3      | Killed Ijyb
  1986 | D:3      | Reached skill level 1 in Short Blades
  1986 | D:3      | Reached skill level 1 in Dodging
  2293 | D:3      | Reached skill level 5 in Fighting
  2494 | D:3      | Reached XP level 5. HP: 42/48 MP: 4/4
  2654 | D:3      | Noticed Jessica
  2663 | D:3      | Killed Jessica
  2865 | D:3      | Noticed Robin
  3092 | D:3      | Killed Robin
  3364 | D:4      | Identified the +0 chain mail of Yrghe Moa {rC- Str+8 Int+4
                  | Slay+5}
  3562 | D:4      | Found a staircase to the Ecumenical Temple.
  3582 | D:4      | Reached skill level 5 in Armour
  3582 | D:4      | Reached XP level 6. HP: 54/56 MP: 5/5
  3588 | Temple   | Entered the Ecumenical Temple
  3588 | Temple   | Found a transporter.
  3588 | Temple   | Found a transporter.
  3590 | Temple   | Found a transporter.
  3590 | Temple   | Found a transporter.
  3611 | Temple   | Became a worshipper of Dithmenos the Shadowed
  3845 | D:5      | Entered Level 5 of the Dungeon
  3863 | D:5      | Found Tomioru's Weapon Shoppe.
  3875 | D:5      | Noticed an orc warrior
  3888 | D:5      | Mangled by an orc warrior

Illustrated notes

Levels and vault maps discovered:
D:1:      dpeg_arrival_subterranean_lakeside_camping, layout_basic,
          serial_shops, shop, dreamdust_ecumenical_altar_drowned_temple
D:2:      layout_basic
D:3:      kennysheep_goblin_castle, layout_basic, uniq_jessica, uniq_ijyb
D:4:      layout_loops_ring, minmay_temple_entry_junction
D:5:      nicolae_cairo_tiling_very_big, layout_rooms,
          nemelex_diamond_rough_becter, serial_shops,
          nicolae_shop_competitors_out_of_business, shop,
          nicolae_shop_bloodbath_and_beyond, shop, nicolae_square_shop,
          kennysheep_small_square
Temple:   hellmonk_temple_divided_pantheon

Skill      XL: |  1  2  3  4  5  6 |
---------------+-------------------+-----
Fighting       | 4 5 |  5.7
Armour         | 4 5 |  5.2
Shields        | 4 |  4.7
Short Blades   | 1 2 3 |  3.5
Dodging        | 1 |  1.7
Axes           | |  2.7
Stealth        | |  0.5

Action                   |  1- 3 |  4- 6 || total
-------------------------+-------+-------++-------
Melee: War axe           |    60 |       ||    60
       Headbutt          |     8 |    22 ||    30
       Short sword       |    57 |   160 ||   217
  Use: Scroll            |       |    10 ||    10
       Potion            |       |     2 ||     2
Armor: Scale mail        |    15 |       ||    15
       Ring mail         |    48 |    84 ||   132
Dodge: Dodged            |    50 |    66 ||   116
Block: Buckler           |    24 |    48 ||    72
